 Dungeon Crawl Stone Soup version 0.14.1-21-g36cd379 (webtiles) character file.

166 Kae the Firebug (level 3, -3/21 HPs)
             Began as an Octopode Fire Elementalist on June 7, 2014.
             Slain by Crazy Yiuf
             ... wielding a +3,+2 quarterstaff of chaos
              (10 damage)
             ... on Level 2 of the Dungeon.
             The game lasted 00:02:35 (2541 turns).

Kae the Firebug (Octopode Fire Elementalist)        Turns: 2541, Time: 00:02:35

HP  -3/21        AC  1     Str  7      XL: 3   Next: 93%
MP   0/6         EV 12     Int 18      God:
Gold 111         SH  0     Dex 12      Spells:  3 memorised,  0 levels left

rFire  . . .     SeeInvis .     h - +1,+2 short sword (freeze)
rCold  . . .     Clarity  .     (no shield)
rNeg   . . .     Conserve .     (helmet restricted)
rPois  .         rCorr    .     (no amulet)
rElec  .         rRot     .     (no ring)
SustAb . .       Spirit   .     (no ring)
rMut   .         Warding  .     (no ring)
Saprov . . .     Stasis   .     (no ring)
MR     .....                    (no ring)
                                (no ring)
                                (no ring)
                                (no ring)

@: very slightly contaminated, not resistant to hostile enchantments, quite
stealthy
A: almost no armour, amphibious, 8 rings, constrict 8, camouflage 1, gelatinous
body 1
a: no special abilities


You were on level 2 of the Dungeon.
You were very hungry.

You visited 1 branch of the dungeon, and saw 2 of its levels.

You collected 111 gold pieces.

Inventory:

Hand weapons
 h - a +1,+2 short sword of freezing (weapon)
Comestibles
 c - a bread ration
 d - a meat ration
Scrolls
 e - 3 scrolls of identify {unknown}
 g - 2 scrolls of amnesia {unknown}
 i - a scroll of remove curse {unknown}
 k - 2 scrolls of teleportation {unknown}
 n - a scroll of enchant weapon I {unknown}
 o - a scroll of fear {unknown}
Jewellery
 a - a +3 ring of strength {unknown}
 j - an uncursed amulet of inaccuracy {unknown}
 l - an uncursed amulet of guardian spirit {unknown}
 p - a cursed ring of hunger {unknown}
Potions
 f - 2 potions of paralysis {unknown}
 m - a potion of cure mutation {unknown}
 q - a potion of invisibility {unknown}
Books
 b - a book of Flames

   Spells                             Type                      Level
   *Flame Tongue                      Conjuration/Fire             1
   *Throw Flame                       Conjuration/Fire             2
   *Conjure Flame                     Conjuration/Fire             3
   Inner Flame                        Hexes/Fire                   3
   Sticky Flame                       Conjuration/Fire             4
   Fireball                           Conjuration/Fire             5


   Skills:
 - Level 2.0 Dodging
 - Level 2.6 Stealth
 + Level 2.3 Spellcasting
 * Level 2.4 Conjurations
 * Level 3.7 Fire Magic


You couldn't memorise any spells.
You knew the following spells:

 Your Spells              Type           Power        Failure   Level  Hunger
a - Flame Tongue          Conj/Fire      ##...        6%          1    #......
b - Throw Flame           Conj/Fire      ##....       10%         2    ##.....
c - Conjure Flame         Conj/Fire      ##......     17%         3    ###....


Dungeon Overview and Level Annotations

Branches:
Dungeon (2/15)

Altars:
Ashenzari

Annotations:
D:2 Crazy Yiuf


Innate Abilities, Weirdness & Mutations

You cannot wear most types of armour.
You are amphibious.
You can wear up to eight rings at the same time.
You can use your tentacles to constrict many enemies at once.
Your skin changes colour to match your surroundings (Stlth).
Your rubbery body absorbs attacks (AC +1).


Message History

Aiming: Flame Tongue
Press: ? - help, Shift-Dir - straight line, f/p - Crazy Yiuf
Aim: Crazy Yiuf, wielding a quarterstaff of chaos and wearing a cloak (moderately wounded, constricted by you)
The flame tongue hits Crazy Yiuf.
Crazy Yiuf is severely wounded.
You constrict Crazy Yiuf.
Crazy Yiuf drinks a potion.
Crazy Yiuf is healed!
Casting: Flame Tongue
Confirm with . or Enter, or press ? or * to list all spells.
Aiming: Flame Tongue
Press: ? - help, Shift-Dir - straight line, f/p - Crazy Yiuf
Aim: Crazy Yiuf, wielding a quarterstaff of chaos and wearing a cloak (moderately wounded, constricted by you)
You miscast Flame Tongue.
Nothing appears to happen.
You constrict Crazy Yiuf.
Crazy Yiuf says, "Blight Xom song!"
Crazy Yiuf hits you with a quarterstaff of chaos!
Ouch! That really hurt!
You hit Crazy Yiuf. You freeze Crazy Yiuf.
Crazy Yiuf is heavily wounded.
You constrict Crazy Yiuf.
Crazy Yiuf hits you with a quarterstaff of chaos!
You die...

#.# #.# ### ♣♣♣#
### #♣ ♣♣♣♣####
#)..#♣♣♣♣♣♣....##
#....g♣♣♣♣......#
#♣@.♣.......#######
#♣♣♣.♣......'.....(
♣♣♣♣♣♣♣♣##..#######
♣♣♣♣♣♣##..#
#######..#
#........#
#........#
#.......[#
##########


You could see Crazy Yiuf.

Vanquished Creatures
  An ooze (D:1)
  2 ball pythons
  8 bats
  2 goblins
  7 hobgoblins
  7 jackals (D:1)
  2 quokkas (D:2)
  2 giant cockroaches (D:2)
  4 giant newts (D:1)
  12 kobolds
  3 rats (D:1)
50 creatures vanquished.

Notes
Turn   | Place    | Note
--------------------------------------------------------------
     0 | D:1      | Kae, the Octopode Fire Elementalist, began the quest for the Orb.
     0 | D:1      | Reached XP level 1. HP: 11/11 MP: 3/3
     2 | D:1      | Noticed a demigod
     4 | D:1      | Noticed a human
     4 | D:1      | Noticed a troll
     6 | D:1      | Noticed a vampire
     6 | D:1      | Noticed a demonspawn
     8 | D:1      | Noticed a dwarf
    10 | D:1      | Noticed a felid
    12 | D:1      | Noticed a naga
    12 | D:1      | Noticed a formicid
    14 | D:1      | Noticed a minotaur
    16 | D:1      | Noticed an octopode
    18 | D:1      | Noticed an elf
    18 | D:1      | Noticed a vine stalker
    20 | D:1      | Noticed a centaur
    20 | D:1      | Noticed a ghoul
    22 | D:1      | Noticed a spriggan
    22 | D:1      | Noticed a tengu
    24 | D:1      | Noticed a gargoyle
    24 | D:1      | Noticed a draconian
    26 | D:1      | Noticed an ogre
    26 | D:1      | Noticed a merfolk
   451 | D:1      | Reached XP level 2. HP: 9/17 MP: 4/4
  1127 | D:1      | Reached XP level 3. HP: 7/21 MP: 1/6
  2228 | D:2      | Found a shattered altar of Ashenzari.
  2487 | D:2      | Noticed Crazy Yiuf
  2492 | D:2      | Learned a level 2 spell: Throw Flame
  2496 | D:2      | Learned a level 3 spell: Conjure Flame
  2541 | D:2      | Slain by Crazy Yiuf

Action                   || total
-------------------------++-------
Melee: Unarmed           ||    66
       Short sword       ||    44
 Cast: Flame Tongue      ||    16
 Stab: Sleeping          ||     5
       Distracted        ||     1
